 Dungeon Crawl Stone Soup version 0.30-a0-840-ga523dec638 (webtiles) character file.

Game seed: 12635176565296872588

109 testman the Insei (level 5, -5/39 HPs)
             Began as a Djinni Transmuter on Feb 28, 2023.
             Slain by an iguana (14 damage)
             ... on level 4 of the Dungeon on Mar 1, 2023.
             The game lasted 00:07:08 (2003 turns).

testman the Insei (Djinni Transmuter)               Turns: 2003, Time: 00:07:08

Health: -5/39      AC:  2    Str:  9    XL:     5   Next: 13%
Gold:   170        EV: 12    Int: 17    God:
                   SH:  0    Dex: 13

rFire   + + .      SeeInvis .      - Unarmed
rCold   x . .      Faith    .    (no shield)
rNeg    . . .      Spirit   .    a - +0 robe
rPois   ∞          Reflect  .    (helmet currently unavailable)
rElec   .          Harm     .    (no cloak)
rCorr   .          Rampage  .    (no gloves)
Will    .....                    (boots unavailable)
Stlth   +                        (no amulet)
HPRegen 0.26/turn                (no ring)
MPRegen 0.00/turn                (no ring)

@: appendages (expiring), flying
A: horns 2, flying, sickness immunity, fire resistance 2, cold vulnerability 1,
float, innate caster, HP casting, extra vitality 1
a: End Transformation


You were on level 4 of the Dungeon.
You had temporarily grown beastly horns.
You visited 1 branch of the dungeon, and saw 4 of its levels.

You collected 170 gold pieces.

Inventory:

Missiles
 j - 5 javelins
Armour
 a - a +0 robe (worn)
Scrolls
 d - 2 scrolls of fog {unknown}
 e - 5 scrolls of identify {unknown}
 f - 4 scrolls of magic mapping {unknown}
 g - 2 scrolls of vulnerability {unknown}
 n - 3 scrolls of amnesia {unknown}
Potions
 b - 3 potions of lignification
 c - a potion of berserk rage {unknown}
 h - a potion of brilliance {unknown}
 i - 2 potions of attraction {unknown}
 k - 2 potions of ambrosia {unknown}
 l - a potion of degeneration {unknown}
 m - a potion of might {unknown}
 o - 2 potions of heal wounds {unknown}
 p - a potion of flight {unknown}


   Skills:
 + Level 2.4 Fighting
 - Level 2.8 Dodging
 + Level 3.8 Unarmed Combat
 + Level 2.3 Spellcasting


You knew the following spells:

 Your Spells              Type           Power      Damage    Failure   Level
a - Beastly Appendage     Tmut           20%        N/A       7%          1
b - Wereblood             Tmut           10%        N/A       11%         2
c - Spider Form           Tmut/Pois      10%        N/A       22%         3
d - Ice Form              Ice/Tmut       10%        N/A       56%         4
e - Foxfire               Conj/Fire      40%        2x1d6     7%          1
f - Static Discharge      Conj/Air       20%        2-3/arc   11%         2
Your spell library was empty.

Dungeon Overview and Level Annotations

Branches:
Dungeon (4/15)
 Temple: D:4-7

Altars:


Innate Abilities, Weirdness & Mutations

You have temporarily grown beastly horns.
You are flying.
You are immune to sickness and miasma.
You are immune to poison.
Your flesh is very heat resistant. (rF++)
You are vulnerable to cold. (rC-)
You float through the air rather than walking.
You learn spells naturally, not from books.
Your magical power is your life essence.
You have superior vitality. (+4 MHP)


Message History

Casting: Foxfire (safe; 7% risk of failure)
Confirm with . or Enter, or press ? or * to list all spells.
You conjure some foxfire!
The iguana misses you.
You hit the iguana. Your headbutt misses the iguana.
The iguana is heavily wounded.
The foxfire hits the iguana but does no damage.
The iguana is heavily wounded.
The foxfire hits the iguana.
The iguana is heavily wounded.
The iguana bites you but does no damage.
Casting: Foxfire (safe; 7% risk of failure)
Confirm with . or Enter, or press ? or * to list all spells.
You conjure some foxfire!
* * * LOW HITPOINT WARNING * * *
The iguana closely misses you.
You hit the iguana but do no damage. Your headbutt misses the iguana.
The iguana is heavily wounded.
The foxfire hits the iguana but does no damage.
The iguana is heavily wounded.
The foxfire hits the iguana but does no damage.
The iguana is heavily wounded.
The iguana barely misses you.
Casting: Foxfire (safe; 7% risk of failure)
Confirm with . or Enter, or press ? or * to list all spells.
You conjure some foxfire!
* * * LOW HITPOINT WARNING * * *
The iguana bites you.
* * * LOW HITPOINT WARNING * * *
You barely miss the iguana.
The iguana is heavily wounded.
Your transformation is almost over.
The foxfire hits the iguana but does no damage.
The iguana is heavily wounded.
The foxfire hits the iguana but does no damage.
The iguana is heavily wounded.
The iguana closely misses you.
You completely miss the iguana.
The iguana is heavily wounded.
The iguana bites you!
You die...

.# ?.. .# .# ..
.# .. :.
.####.##
.###.......
.... .>.# #..#
#l.# #..####@.#
#.....§§.#
######.####...#
#<............#
######)####..##
..... ...#
####.S##....
#.##.....
..#.......


You could see an iguana.

Vanquished Creatures
  5 adders
  2 worms
  4 orcs (D:3)
  2 bats (D:1)
  5 endoplasms
  4 giant cockroaches
  3 goblins
  5 hobgoblins
  3 jackals (D:2)
  2 quokkas (D:1)
  3 ball pythons
  3 frilled lizards
  7 kobolds
  A rat (D:3)
49 creatures vanquished.

Vanquished Creatures (others)
  23 foxfires
23 creatures vanquished.

Grand Total: 72 creatures vanquished

Notes
Turn   | Place    | Note
-------+----------+-------------------------------------------
     0 | D:1      | testman the Djinni Transmuter began the quest for the Orb.
     0 | D:1      | testman set off with the following spells memorised:
                  | Beastly Appendage, Wereblood, Spider Form, Ice Form.
     0 | D:1      | Reached XP level 1. HP: 17/17 MP: 0/0
   144 | D:1      | Reached XP level 2. HP: 16/22 MP: 0/0
   511 | D:1      | Reached XP level 3. HP: 27/27 MP: 0/0
   511 | D:1      | Learned a level 1 spell: Foxfire
  1177 | D:2      | Reached XP level 4. HP: 30/33 MP: 0/0
  1733 | D:3      | Reached XP level 5. HP: 24/39 MP: 0/0
  1733 | D:3      | Learned a level 2 spell: Static Discharge
  1739 | D:3      | Upgraded the game from 0.30-a0-830-gfe289a77b0 to
                  | 0.30-a0-840-ga523dec638
  2003 | D:4      | Slain by an iguana

Illustrated notes

Levels and vault maps discovered:
D:1:      sevenhm_arrival_forest_fort_small_4, layout_rooms, minmay_cut_off
D:2:      layout_basic, serial_glass, glass_columns_b, glass_columns_c,
          glass_columns_b, glass_columns_b, glass_columns_c,
          due_unseen_surprise, item_on_display_a, item_on_display_a,
          item_on_display_b
D:3:      layout_rooms
D:4:      minmay_opposing_rooms, layout_basic, serial_shops, shop_scrolls,
          uniq_edmund

Skill      XL: |  1  2  3  4 |
---------------+-------------+-----
Spellcasting   | 2 |  2.3
Fighting       | 2 |  2.4
Dodging        | |  2.8
Unarmed Combat | |  3.8

Action                     |  1- 3 |  4- 6 || total
---------------------------+-------+-------++-------
  Melee: Unarmed           |    86 |    66 ||   152
         Headbutt          |    14 |     7 ||    21
   Cast: Beastly Appendage |    17 |     7 ||    24
         Foxfire           |     6 |     8 ||    14
         Spider Form       |       |     1 ||     1
         Wereblood         |       |     1 ||     1
         Static Discharge  |       |     3 ||     3
   Stab: Sleeping          |     1 |     1 ||     2
 Armour: Robe              |    12 |    14 ||    26
  Dodge: Dodged            |    52 |    47 ||    99

Table legend: (Time is in decaauts)
 A = Elapsed time spent in this place.
 B = Non-inter-level travel time spent in this place.
 C = Inter-level travel time spent in this place.
 D = Time resting spent in this place.
 E = Time spent auto-exploring this place.
 F = Levels seen in this place.
 G = Mean time per level.
                   A        B        C        D        E       F      G
               +--------+--------+--------+--------+--------+-----+--------+
         Total |   1992 |   1961 |     31 |      0 |   1634 |   4 |  498.0 |
       Dungeon |   1992 |   1961 |     31 |      0 |   1634 |   4 |  498.0 |
               +--------+--------+--------+--------+--------+-----+--------+

Top non-repeatable levels by time:
     D:2: 743 daAuts
     D:1: 607 daAuts
     D:3: 530 daAuts
     D:4: 110 daAuts
